 Dungeon Crawl Stone Soup version 0.27-a0-797-g27d10ad80f (webtiles) character file.

Game seed: 7797656685079265698

413 polve the Skirmisher (level 6, -3/51 HPs)
             Began as a Demonspawn Abyssal Knight on Mar 27, 2021.
             Was a Believer of Lugonu.
             Killed by divine providence
             ... invoked by an orc priest
              (13 damage)
             ... on level 4 of the Dungeon.
             The game lasted 00:02:53 (3567 turns).

polve the Skirmisher (Demonspawn Abyssal Knight)    Turns: 3567, Time: 00:02:54

Health: -3/51      AC:  6    Str: 12 (13) XL:     6   Next: 59%
Magic:  7/7        EV: 14    Int: 15      God:    Lugonu [**....]
Gold:   117        SH:  4    Dex: 12      Spells: 5/5 levels left

rFire    . . .     SeeInvis .   d - +0 whip (venom)
rCold    . . .     Faith    .   (no shield)
rNeg     . . .     Spirit   .   g - +3 leather armour
rPois    .         Reflect  .   (no helmet)
rElec    .         Harm     .   (no cloak)
rCorr    .         Rampage  .   (no gloves)
Will     .....                  (no boots)
Stlth    +.........             (no amulet)
HPRegen  0.17/turn              (no ring)
MPRegen  0.10/turn              (no ring)

@: no status effects
A: hooves 2, repulsion field 2, condensation shield
a: Renounce Religion, Depart the Abyss, Bend Space


You were on level 4 of the Dungeon.
You worshipped Lugonu.
Lugonu was pleased with you.
You visited 1 branch of the dungeon, and saw 4 of its levels.
You visited the Abyss 1 time.

You collected 117 gold pieces.

Inventory:

Hand Weapons
 a - a +1 falchion
 d - a +0 whip of venom (weapon)
Armour
 f - a +0 pair of boots
 g - a +3 leather armour (worn)
 k - a +0 pair of boots
 p - a +0 helmet
Wands
 o - a wand of paralysis (8)
Scrolls
 b - 2 scrolls of enchant armour {unknown}
 c - a scroll of teleportation {unknown}
 e - a scroll of vulnerability {unknown}
 h - a scroll of fear {unknown}
 i - 2 scrolls of enchant weapon {unknown}
 j - a scroll of fog {unknown}
 l - a scroll of noise {unknown}
 m - 2 scrolls of identify {unknown}
 n - a scroll of magic mapping {unknown}


   Skills:
 + Level 5.5 Fighting
 - Level 2.4 Long Blades
 + Level 4.5 Armour
 - Level 0.8 Dodging
 - Level 2.4 Invocations


You had 5 spell levels left.
You didn't know any spells.
Your spell library contained the following spells:

 Spells                   Type           Power      Damage    Failure   Level
 Confusing Touch          Hex            0%         N/A       71%         3
 Gell's Gravitas          Tloc           0%         N/A       71%         3
 Petrify                  Tmut/Erth      0%         N/A       98%         4
 Metabolic Englaciation   Hex/Ice        0%         N/A       100%        5
 Yara's Violent Unravell  Hex/Tmut       0%         3d3       100%        5


Dungeon Overview and Level Annotations

Branches:
Dungeon (4/15)
 Temple: D:4-7

Altars:
Hepliaklqana
Ru
Sif Muna
Xom


Innate Abilities, Weirdness & Mutations

You have hoof-like feet.
You are surrounded by a moderate repulsion field. (EV +3)
A meltable shield of frost defends you. (SH +4)


Message History

The bullfrog barely misses you.
You hit the bullfrog.
The bullfrog is lightly wounded.
The bullfrog hits you.
You closely miss the bullfrog. Your kick misses the bullfrog.
The bullfrog is lightly wounded.
You block the bullfrog's attack. The bullfrog closely misses you.
You hit the bullfrog.
The bullfrog is poisoned.
You kick the bullfrog.
The bullfrog is heavily wounded.
The bullfrog hits you. The bullfrog closely misses you.
You hit the bullfrog.
The bullfrog looks even sicker.
The bullfrog is severely wounded.
You block the bullfrog's attack.
You hit the bullfrog.
The bullfrog looks as sick as possible!
The bullfrog is almost dead.
The bullfrog releases a deep croak.
The bullfrog barely misses you. You block the bullfrog's attack.
You closely miss the bullfrog. You kick the bullfrog.
You kill the bullfrog!
Lugonu accepts your kill.
You feel your dexterity returning.
You barely miss the orc priest. You kick the orc priest.
The orc priest is moderately wounded.
The orc priest closely misses you.
You closely miss the orc priest.
The orc priest is moderately wounded.
You block the orc priest's attack.
You barely miss the orc priest. You kick the orc priest.
The orc priest is heavily wounded.
The orc priest hits you with a +1 flail of venom!
* * * LOW HITPOINT WARNING * * *
You block the orc priest's attack.
You closely miss the orc priest.
The orc priest is heavily wounded.
The orc priest completely misses you.
You barely miss the orc priest.
The orc priest is heavily wounded.
The orc priest mumbles some strange prayers to Beogh against you.
Beogh smites you!
You die... ### ### #.. ..# .oo

##.###
#o###.....####
#)#@##.≈≈≈≈≈##
...###o###≈≈...≈≈#
#........≈..☼..≈#
#########≈..°..≈#
#≈.°$..≈#
#≈≈...≈≈#
##≈≈≈≈≈.# #...##.#
###†..##.#


You could see an orc priest.

Vanquished Creatures
  A bullfrog (D:4)
  A hound (D:4)
  An orc priest (D:4)
  3 orc wizards
  Natasha (thrice) (D:3)
  2 hound skeletons (D:4)
  A howler monkey skeleton (D:4)
  An adder (D:2)
  A white imp (Abyss:1)
  An ufetubus (D:4)
  2 worms
  2 dart slugs
  5 orcs
  5 endoplasms
  6 giant cockroaches
  2 goblins
  5 hobgoblins
  4 jackals (D:1)
  2 quokkas
  7 ball pythons
  7 bats
  3 frilled lizards
  6 kobolds
  14 rats
85 creatures vanquished.

Vanquished Creatures (others)
  2 hobgoblins (D:4)
2 creatures vanquished.

Grand Total: 87 creatures vanquished

Notes
Turn   | Place    | Note
-------+----------+-------------------------------------------
     0 | Abyss:1  | polve the Demonspawn Abyssal Knight began the quest for the
                  | Orb.
     0 | Abyss:1  | Reached XP level 1. HP: 18/18 MP: 2/2
    72 | Abyss:1  | Noticed a crimson imp
    72 | Abyss:1  | Noticed a crimson imp
    72 | Abyss:1  | Noticed a crimson imp
   135 | D:1      | Escaped the Abyss
   437 | D:1      | Gained mutation: You have large cloven feet. [demonic
                  | ancestry]
   437 | D:1      | Reached XP level 2. HP: 19/24 MP: 3/3
   710 | D:1      | Reached * piety under Lugonu
  1106 | D:1      | Gained mutation: You have hoof-like feet. [demonic
                  | ancestry]
  1106 | D:1      | Reached XP level 3. HP: 25/29 MP: 4/4
  1571 | D:2      | Found a sacrificial altar of Ru.
  1584 | D:2      | Gained mutation: You are surrounded by a mild repulsion
                  | field. (EV +2) [demonic ancestry]
  1584 | D:2      | Reached XP level 4. HP: 33/37 MP: 5/5
  1735 | D:2      | Reached skill level 4 in Fighting
  2324 | D:3      | Noticed Natasha
  2332 | D:3      | Killed Natasha
  2557 | D:3      | Found a shimmering blue altar of Sif Muna.
  2650 | D:3      | Reached ** piety under Lugonu
  2704 | D:3      | Noticed Natasha
  2711 | D:3      | Killed Natasha
  2712 | D:3      | Gained mutation: You are surrounded by a moderate repulsion
                  | field. (EV +3) [demonic ancestry]
  2712 | D:3      | Reached XP level 5. HP: 27/43 MP: 6/6
  2721 | D:3      | Noticed Natasha
  2736 | D:3      | Killed Natasha
  2786 | D:3      | Found a hazy altar of Hepliaklqana.
  3401 | D:4      | Found a shimmering altar of Xom.
  3411 | D:4      | Reached skill level 5 in Fighting
  3411 | D:4      | Gained mutation: A meltable shield of frost defends you.
                  | (SH +4) [demonic ancestry]
  3411 | D:4      | Reached XP level 6. HP: 39/51 MP: 7/7
  3567 | D:4      | Killed from afar by an orc priest

Illustrated notes

Levels and vault maps discovered:
D:1:      tarquinn_simple_flora_water_c, layout_rooms, minmay_box_of_dots
D:2:      layout_rooms, nicolae_ru_great_annihilating_truth
D:3:      layout_basic, kennysheep_flooded_box, chequers_serial_rivers_micro_d,
          lemuel_blue_sif_altar, uniq_natasha
D:4:      layout_loops_corners, gup_sewer_entry_pipe, xom_confusion_cloud,
          uniq_robin

Skill      XL: |  1  2  3  4  5 |
---------------+----------------+-----
Long Blades    | 2 |  2.4
Armour         | 2 3 4 |  4.5
Fighting       | 4 5 |  5.5
Dodging        | |  0.8
Invocations    | |  2.4

Action                   |  1- 3 |  4- 6 || total
-------------------------+-------+-------++-------
Melee: Falchion          |    26 |       ||    26
       Whip              |    83 |   168 ||   251
       Kick              |    17 |    39 ||    56
Invok: Depart the Abyss  |     1 |       ||     1
  Use: Potion            |       |     4 ||     4
 Stab: Paralysed         |       |     1 ||     1
Armor: Leather armour    |    56 |    38 ||    94
Dodge: Dodged            |    67 |   124 ||   191
Block: Other             |       |    13 ||    13
       Rpst.: Falchion   |     5 |       ||     5

Table legend: (Time is in decaauts)
 A = Elapsed time spent in this place.
 B = Non-inter-level travel time spent in this place.
 C = Inter-level travel time spent in this place.
 D = Time resting spent in this place.
 E = Time spent auto-exploring this place.
 F = Levels seen in this place.
 G = Mean time per level.
                   A        B        C        D        E       F      G
               +--------+--------+--------+--------+--------+-----+--------+
         Total |   3588 |   3542 |     46 |      0 |   2963 |   5 |  717.6 |
       Dungeon |   3447 |   3401 |     46 |      0 |   2891 |   4 |  861.8 |
         Abyss |    141 |    141 |      0 |      0 |     72 |   1 |  141.0 |
               +--------+--------+--------+--------+--------+-----+--------+

Top non-repeatable levels by time:
     D:1: 1381 daAuts
     D:3: 1279 daAuts
     D:2: 545 daAuts
     D:4: 239 daAuts
 Abyss:1: 141 daAuts
